 Dungeon Crawl Stone Soup version 0.30-a0-586-g23e55c9e0a (webtiles) character file.

Game seed: 18007617288846047913

614 M4edhros the Charlatan (level 7, -5/45 (46) HPs)
             Began as an Octopode Artificer on Jan 3, 2023.
             Killed from afar by an orc wizard (7 damage)
             ... with a magic dart
             ... on level 6 of the Dungeon.
             The game lasted 00:02:32 (851 turns).

M4edhros the Charlatan (Octopode Artificer)          Turns: 851, Time: 00:02:32

HP:   -5/45 (46)    AC:  1    Str: 12    XL:     7   Next: 44%
MP:   7/7           EV: 14    Int: 13    God:
Gold: 64            SH:  0    Dex: 14    Spells: 6/6 levels left

rFire   . . .      SeeInvis .    a - +2 scythe (protect)
rCold   . . .      Faith    .    (shield currently unavailable)
rNeg    . . .      Spirit   .    (helmet restricted)
rPois   .          Reflect  .    (no amulet)
rElec   .          Harm     .    (no ring)
rCorr   .          Rampage  .    (no ring)
Will    .....                    (no ring)
Stlth   ++                       (no ring)
HPRegen 0.27/turn                (no ring)
MPRegen 0.10/turn                (no ring)
                                 (no ring)
                                 (no ring)

@: confused, lightly drained
A: almost no armour, amphibious, 8 rings, camouflage 1, gelatinous body 1,
(nimble swimmer 1), tentacles
a: no special abilities


You were on level 6 of the Dungeon.
You visited 1 branch of the dungeon, and saw 6 of its levels.

You collected 64 gold pieces.

Inventory:

Hand Weapons
 a - a +2 scythe of protection (weapon)
Jewellery
 g - a +6 ring of intelligence
Wands
 b - a wand of flame (12) (quivered)
 c - a wand of charming (5)
 d - a wand of iceblast (3)
Scrolls
 f - a scroll of teleportation {unknown}
 h - a scroll of vulnerability {unknown}
 i - a scroll of amnesia {unknown}
 j - a scroll of silence {unknown}


   Skills:
 + Level 3.1 Fighting
 * Level 2.7 Polearms
 + Level 3.8 Dodging
 + Level 4.5 Stealth
 - Level 3.0 Unarmed Combat
 + Level 4.8 Evocations


You had 6 spell levels left.
You didn't know any spells.
Your spell library was empty.

Dungeon Overview and Level Annotations

Branches:
Dungeon (6/15)
 Temple: D:4-7

Altars:

Annotations:
D:6 1 runed translucent door, Crazy Yiuf


Innate Abilities, Weirdness & Mutations

You cannot wear most types of armour.
You are amphibious.
You can wear up to eight rings at the same time.
Your skin changes colour to match your surroundings (Stealth+).
Your rubbery body absorbs attacks. (AC +1, EV +1)
((You are camouflaged when in or above water. (Stealth+)))
You have tentacles for arms and can constrict up to eight enemies at once.


Message History

You feel less confused.
You closely miss something.
The orc wizard mumbles some strange words.
The orc wizard flickers and vanishes!
You hear some strange, mumbled words.
A puff of flame appears from out of thin air!
The puff of flame hits you!
You slash the orc!
Your weapon exudes an aura of protection.
You kill the orc!
Something hits you.
You hear some strange, mumbled words.
A puff of flame appears from out of thin air!
The puff of flame hits you.
* * * LOW HITPOINT WARNING * * *
Something hits you but does no damage.
Things that are here:
a +0 falchion; a +0 ring mail
Aiming: Charm
Press: ? - help, Shift-Dir - straight line, f - orc
Aim: an orc, wielding a +0 mace (chance to affect: 76%) Nothing appears to happen.
Something hits you.
* * * LOW HITPOINT WARNING * * *
You feel drained.
* * * LOW HITPOINT WARNING * * *
Something hits you.
* * * LOW HITPOINT WARNING * * *
You aren't carrying any potions.
Unknown command.
Okay, then.
Aiming: Charm
Press: ? - help, Shift-Dir - straight line, f - orc
Aim: an orc, wielding a +0 mace (chance to affect: 76%) Nothing appears to happen.
You hear some strange, mumbled words.
You are confused.
You hear some strange, mumbled words.
A magic dart appears from out of thin air!
The magic dart hits you!
You die... ###.........# #....# .'.........+ ###....## #.........# #......#. #o......# ##.#..##. #..)..# ###..##. #ooo#

#..##. #o# #..... #{# ##)###
#######@## #.# #))<.){..#
#)# #)####...## #.# #.#
#.....# ########.#
#.#####.####...## #........#
#..........##.)####.########
#######.##.$..).....#
#.######.###### #.######.#


You could see 4 orcs.

Vanquished Creatures
  Sigmund (D:5)
  An orc warrior (D:6)
  A scorpion (D:6)
  3 orc priests
  A hound (D:5)
  2 orc wizards
  3 gnolls
  A worm (D:3)
  7 orcs
  2 goblins
  2 kobolds
  A ball python (D:3)
  2 frilled lizards
27 creatures vanquished.

Vanquished Creatures (collateral kills)
  An iguana (D:5)
  An orc wizard (D:6)
  2 gnolls
  2 orcs
6 creatures vanquished.

Vanquished Creatures (others)
  An ogre (D:5)
  An iguana (D:5)
  An orc wizard (D:6)
  A gnoll (D:6)
4 creatures vanquished.

Grand Total: 37 creatures vanquished

Notes
Turn   | Place    | Note
-------+----------+-------------------------------------------
     0 | D:1      | M4edhros the Octopode Artificer began the quest for the
                  | Orb.
     0 | D:1      | Reached XP level 1. HP: 13/13 MP: 1/1
   135 | D:3      | Reached XP level 2. HP: 17/18 MP: 2/2
   155 | D:3      | Reached skill level 1 in Unarmed Combat
   168 | D:3      | Identified the +3 leather armour of the Hanged Man {Rampage
                  | rCorr Int+4 Dex-5}
   185 | D:5      | Entered Level 5 of the Dungeon
   226 | D:5      | Reached XP level 3. HP: 17/24 MP: 3/3
   226 | D:5      | Reached XP level 4. HP: 21/29 MP: 4/4
   231 | D:5      | Noticed Sigmund
   237 | D:5      | Killed Sigmund
   238 | D:5      | Reached XP level 5. HP: 29/35 MP: 5/5
   238 | D:5      | Reached XP level 6. HP: 34/41 MP: 6/6
   277 | D:5      | Reached skill level 1 in Polearms
   608 | D:6      | Noticed an orc warrior
   615 | D:6      | Killed an orc warrior
   616 | D:6      | Reached XP level 7. HP: 24/46 MP: 7/7
   783 | D:6      | Found a runed translucent door.
   784 | D:6      | Noticed Crazy Yiuf
   850 | D:6      | HP: 1/45 [something (5)]
   851 | D:6      | Killed from afar by an orc wizard

Illustrated notes

Levels and vault maps discovered:
D:1:      minmay_arrival_up_and_down, layout_loops_ring, serial_bayou_pond_c,
          nicolae_eternal_life
D:2:      layout_basic, grunt_ministairs_12
D:3:      layout_rooms
D:4:      layout_rooms, tso_oasis_becter, uniq_menkaure, uniq_pikel,
          uniq_grinder
D:5:      layout_basic, nicolae_sextant, uniq_sigmund
D:6:      layout_loops_corners, minmay_temple_entry_butterflies,
          minmay_ogre_servants, uniq_crazy_yiuf_cottage

Skill      XL: |  1  2  3  4  5  6 |
---------------+-------------------+-----
Unarmed Combat | 2 3 |  3.0
Stealth        | 2 3 4 |  4.5
Fighting       | 2 3 |  3.1
Dodging        | 3 |  3.8
Evocations     | 4 |  4.8
Polearms       | 2 |  2.7

Action                   |  1- 3 |  4- 6 |  7- 9 || total
-------------------------+-------+-------+-------++-------
Melee: Unarmed           |    27 |       |       ||    27
       Constrict         |     5 |     5 |     2 ||    12
       Tentacles         |     3 |     4 |     4 ||    11
       Halberd           |       |    21 |    24 ||    45
       Punch             |       |       |     1 ||     1
Evoke: Wand              |     5 |     8 |     2 ||    15
  Use: Potion            |     1 |     1 |       ||     2
 Stab: Sleeping          |     1 |     1 |     1 ||     3
Armor: Skin              |     1 |     3 |     7 ||    11
Dodge: Dodged            |    13 |    20 |    13 ||    46

Table legend: (Time is in decaauts)
 A = Elapsed time spent in this place.
 B = Non-inter-level travel time spent in this place.
 C = Inter-level travel time spent in this place.
 D = Time resting spent in this place.
 E = Time spent auto-exploring this place.
 F = Levels seen in this place.
 G = Mean time per level.
                   A        B        C        D        E       F      G
               +--------+--------+--------+--------+--------+-----+--------+
         Total |    866 |    835 |     31 |    136 |    362 |   6 |  144.3 |
       Dungeon |    866 |    835 |     31 |    136 |    362 |   6 |  144.3 |
               +--------+--------+--------+--------+--------+-----+--------+

Top non-repeatable levels by time:
     D:5: 366 daAuts
     D:6: 316 daAuts
     D:2: 75 daAuts
     D:1: 51 daAuts
     D:3: 47 daAuts
     D:4: 9 daAuts
